 Dungeon Crawl Stone Soup version 0.31-a0-1343-gcd514f47d3 (webtiles) character file.

Game seed: 3117632234896284637

1731111 iamserjio the Slayer (level 26, 221/235 (239) HPs)
             Began as an Octopode Wanderer on Dec 22, 2023.
             Was the Champion of Hepliaklqana.
             Escaped with the Orb
             ... and 3 runes
             ... and 1 gem!
             The game lasted 02:27:55 (69948 turns).

iamserjio the Slayer (Octopode Wanderer)           Turns: 69948, Time: 02:27:56

HP:   221/235 (239) AC: 41    Str: 11    XL:     26   Next: 83%
MP:   31/31         EV: 38    Int: 11    God:    Hepliaklqana [******]
Gold: 3739          SH: 20    Dex: 30    Spells: 20/33 levels left

rFire   + + .        v - +9 sword of Zonguldrok {reap}
rCold   + . .        k - +5 kite shield {reflect}
rNeg    + . .        W - +2 hat {Will+}
rPois   ∞            J - amulet of regeneration
rElec   +            Q - ring of the Tortoise {AC+8}
rCorr   .            w - +6 ring of dexterity
SInv    +            q - +4 ring of slaying
Will    +++..        h - +4 ring of protection
Stlth   +++          H - ring of willpower
HPRegen 1.39/turn    x - ring of protection from cold
MPRegen 0.22/turn    L - +5 ring of evasion
                     s - ring "Ecrutt" {rF++ Int-3 SInv Stlth+}

%: reflection
@: statue-form, studying 2 skills, lightly drained, very slow
A: slow and powerful, torment resistance 1, boosted hp, reduced essence, almost
no armour, amphibious, 8 rings, camouflage 1, (gelatinous body 1), (nimble
swimmer 1), tentacles, poison resistance, (shaggy fur 1)
0: Orb of Zot
}: 3/15 runes: decaying, silver, gossamer
a: Begin Untransformation, Renounce Religion, Recall Ancestor, Ancestor
Identity, Transference, Idealise


You escaped.
You worshipped Hepliaklqana.
Hepliaklqana was exalted by your worship.
You were a living statue of rough stone.
You visited 11 branches of the dungeon, and saw 49 of its levels.
You also visited: Ossuary and Ice Cave.

You collected 7071 gold pieces.
You spent 3332 gold pieces at shops.

Inventory:

Hand Weapons
 b - the +6 scimitar of Dishonesty {freeze, rF+ Str+4}
   (You found it on level 3 of the Vaults)

   Str+4:     It affects your strength (+4).
   rF+:       It protects you from fire.
 v - the +9 sword of Zonguldrok (weapon) {reap}
   (You found it on level 8 of the Dungeon)
Missiles
 a - 5 throwing nets {!f}
 U - 4 curare-tipped darts (quivered)
Armour
 k - a +5 kite shield of reflection (worn)
 W - a +2 hat of willpower (worn)
Jewellery
 h - a +4 ring of protection (on tentacle)
 q - a +4 ring of slaying (on tentacle)
 r - a ring of protection from fire
 s - the ring "Ecrutt" (on tentacle) {rF++ Int-3 SInv Stlth+}
   (You acquired it on level 2 of the Swamp)

   [ring of see invisible]

   Int-3:     It affects your intelligence (-3).
   rF++:      It greatly protects you from fire.
   SInv:      It lets you see invisible.
   Stlth+:    It makes you more stealthy.
 w - a +6 ring of dexterity (right tentacle)
 x - a ring of protection from cold (on tentacle)
 B - the ring "Iluuvoom" {Ice rPois}
   (You took it off Josephina on level 4 of the Depths)

   [ring of ice]

   Ice:       It enhances your ice magic.
   rF-:       It makes you vulnerable to fire.
   rC+:       It protects you from cold.
   rPois:     It protects you from poison
 E - a ring of resist corrosion
 H - a ring of willpower (on tentacle)
 J - an amulet of regeneration (around mantle)
 K - an amulet of reflection
 L - a +5 ring of evasion (on tentacle)
 Q - the ring of the Tortoise (left tentacle) {AC+8}
   (You found it on level 4 of the Depths)

   [ring of protection]

   AC+8:      It affects your AC (+8).
 R - a ring of wizardry
 Z - the ring "Nileab Icve" {rPois rF++ rC+ Str+3 Dex-5}
   (You took it off a deep elf elementalist on level 3 of the Elven Halls)

   [ring of protection from cold]

   Str+3:     It affects your strength (+3).
   Dex-5:     It affects your dexterity (-5).
   rF++:      It greatly protects you from fire.
   rC+:       It protects you from cold.
   rPois:     It protects you from poison
Talismans
 t - a granite talisman (active)
Wands
 i - a wand of digging (10) {@v3}
 G - a wand of mindburst (30)
 I - a wand of iceblast (63) {@v2}
 M - a wand of light (28)
 T - a wand of charming (54)
Scrolls
 c - 4 scrolls of fear
 e - 3 scrolls of summoning
 g - 6 scrolls of blinking {@r4}
 l - 5 scrolls of fog
 p - 3 scrolls of enchant weapon
 D - 8 scrolls of teleportation {@r3}
 F - a scroll of revelation
 P - 2 scrolls of silence
 V - a scroll of enchant armour
Potions
 d - 11 potions of ambrosia
 f - 6 potions of invisibility
 j - 10 potions of mutation
 m - 10 potions of heal wounds {@q2}
 n - 8 potions of cancellation
 o - 3 potions of magic
 u - 4 potions of haste {@q4}
 z - 5 potions of resistance {@q5}
 A - 4 potions of might {@q3}
 C - 19 potions of curing {@q1}
 S - 7 potions of enlightenment
Miscellaneous
 y - a phial of floods
 N - a box of beasts
 O - a phantom mirror
 Y - a lightning rod (4/4)


   Skills:
 - Level 23.0 Fighting
 * Level 19.4 Long Blades
 - Level 5.0 Staves
 + Level 19.4 Dodging
 + Level 15.4 Stealth
 + Level 12.1 Shields
 - Level 4.0 Spellcasting
 - Level 5.2 Summonings
 - Level 5.7 Translocations
 - Level 7.2 Ice Magic
 - Level 5.8 Earth Magic
 - Level 6.4 Alchemy
 - Level 11.2 Invocations
 * Level 15.6 Evocations
 - Level 16.0 Shapeshifting


You had 20 spell levels left.
You knew the following spells:

 Your Spells              Type           Power      Damage    Failure   Level
a - Passwall              Alch/Erth      12%        N/A       7%          2
b - Ozocubu's Armour      Ice            18%        N/A       9%          3
c - Call Canine Familiar  Summ           13%        N/A       21%         3
d - Summon Small Mammal   Summ           52%        N/A       7%          1
e - Manifold Assault      Tloc           14%        N/A       47%         4

Your spell library contained the following spells:

 Spells                   Type           Power      Damage    Failure   Level
 Sandblast                Erth           30%        2d9       5%          1
 Gell's Gravitas          Tloc           14%        N/A       16%         3
 Teleport Other           Tloc           14%        N/A       16%         3
 Ensorcelled Hibernation  Hex/Ice        20%        N/A       21%         2
 Leda's Liquefaction      Alch/Erth      7%         N/A       43%         4
 Petrify                  Alch/Erth      15%        N/A       43%         4
 Stone Arrow              Conj/Erth      16%        3d8       47%         3
 Volatile Blastmotes      Fire/Tloc      16%        2d11      47%         3
 Kiss of Death            Conj/Necr      8%         2d6       50%         1
 Magic Dart               Conj           8%         1d3       50%         1
 Summon Guardian Golem    Hex/Summ       8%         N/A       52%         3
 Mephitic Cloud           Conj/Alch/Air  6%         N/A       58%         3
 Scorch                   Fire           4%         2d5       65%         2
 Searing Ray              Conj           4%         2d4       65%         2
 Alistair's Intoxication  Alch           10%        N/A       75%         5
 Fulminant Prism          Conj/Alch      4%         3d5       83%         4
 Ignite Poison            Fire/Alch      9%         N/A       83%         4
 Sticky Flame             Fire/Alch      9%         2d5       83%         4
 Lee's Rapid Deconstruct  Erth           7%         3d7*      83%         5
 Confusing Touch          Hex            2%         N/A       86%         3
 Dazzling Flash           Conj/Hex       4%         N/A       86%         3
 Fugue of the Fallen      Necr           2%         N/A       86%         3
 Inner Flame              Hex/Fire       2%         N/A       86%         3
 Sigil of Binding         Hex            2%         N/A       86%         3
 Swiftness                Air            2%         N/A       86%         3
 Brom's Barrelling Bould  Conj/Erth      8%         2d3       87%         4
 Dimensional Bullseye     Hex/Tloc       4%         N/A       87%         4
 Vhi's Electric Charge    Tloc/Air       16%        N/A       87%         4
 Airstrike                Air            1%         2d(1-17)  99%         4
 Cause Fear               Hex            1%         N/A       99%         4
 Dispel Undead            Necr           2%         3d7       99%         4
 Flame Wave               Conj/Fire      2%         2d4       99%         4
 Borgnjor's Vile Clutch   Necr/Erth      4%         N/A       99%         5
 Eringya's Noxious Bog    Alch           8%         4d6       99%         6
 Agony                    Necr           2%         N/A       100%        5
 Arcjolt                  Conj/Air       1%         1d11      100%        5
 Fireball                 Conj/Fire      1%         3d3       100%        5
 Silence                  Hex/Air        1%         N/A       100%        5
 Bombard                  Conj/Erth      4%         9d2       100%        6
 Conjure Ball Lightning   Conj/Air       1%         3x3d6     100%        6
 Dispersal                Tloc           7%         N/A       100%        6
 Plasma Beam              Fire/Air       1%         2x1d11    100%        6
 Discord                  Hex            1%         N/A       100%        8
 Disjunction              Tloc           7%         N/A       100%        8
 Ignition                 Fire           1%         3d3       100%        8
 Lehudib's Crystal Spear  Conj/Erth      4%         10d3      100%        8
 Dragon's Call            Summ           6%         N/A       100%        9


Dungeon Overview and Level Annotations

Branches:
Dungeon (15/15)            Temple (1/1) D:4            Lair (5/5) D:8
  Swamp (4/4) Lair:2       Spider (4/4) Lair:2        Slime (0/5) Lair:4
    Orc (2/2) D:9             Elf (3/3) Orc:2        Vaults (5/5) D:13
  Crypt (1/3) Vaults:2     Depths (4/4) D:15            Zot (5/5) Depths:4
Ossuary (visited)           IceCv (visited)

Altars:
Ashenzari
Cheibriados
Dithmenos
Elyvilon
Fedhas
Gozag
Hepliaklqana
Kikubaaqudgha
Makhleb
Nemelex Xobeh
Okawaru
Qazlal
Ru
Sif Muna
Trog
Uskayaw
Vehumet
Wu Jian
Xom
Yredelemnul
Zin
The Shining One

Shops:
D:8 =   D:15 [   Orc:2 =[*[   Vaults:1 (   Depths:1 [   Depths:3 !   Depths:4 ?

Portals:
Hell: Depths:1 Depths:2 Depths:3 Depths:4
Abyss: Depths:2 Depths:3 Depths:4
Pandemonium: Depths:2
Ziggurat: Depths:1

Annotations:
D:4 1 exclusion
Lair:1 1 runed translucent door


Innate Abilities, Weirdness & Mutations

You are a living statue of rough stone.
Your actions are slow, but your melee attacks are powerful.
You are resistant to unholy torment.
Your maximum health is greatly increased.
Your life essence is reduced to manifest your ancestor. (-10% HP)
You cannot wear most types of armour.
You are amphibious.
You can wear up to eight rings at the same time.
You are immune to poison.
Your skin changes colour to match your surroundings (Stealth+).
((Your rubbery body absorbs attacks. (AC +1, EV +1)))
((You are camouflaged when in or above water. (Stealth+)))
You have tentacles for arms and can constrict up to eight enemies at once.
Your system is resistant to poisons. (rPois)
((You are covered in fur. (AC +1)))


Message History

The angel hits Numeria with a +1 whip of holy wrath!!
The angel hits Numeria with a +1 whip of holy wrath.
Numeria closely misses the angel.
The angel hits Numeria with a +1 whip of holy wrath!
The angel hits Numeria but does no damage.
Numeria casts a spell.
Numeria seems to speed up.
Numeria hits the angel with a +0 lajatang of freezing!!
Numeria freezes the angel.
Numeria closely misses the angel.
Numeria points at the angel and mumbles some strange words.
The bolt of magma hits the angel!!
Numeria misses the angel.
The angel barely misses something.
The angel hits something with a +1 whip of holy wrath! x2
The angel hits something but does no damage.
The angel gestures.
The angel is healed somewhat.
Numeria gestures at the angel while chanting.
The crystal spear hits the angel!!!
The angel dies!
Your box of beasts has recharged.
A Tzitzimitl comes into view.
Numeria points at the Tzitzimitl and mumbles some strange words.
The bolt of magma hits the Tzitzimitl!!!
The Tzitzimitl is engulfed in a cloud of scalding steam.
The Tzitzimitl gestures at you. The bolt of negative energy hits you!
You partially resist.
You feel drained.
The Tzitzimitl is engulfed in a cloud of scalding steam.
The Tzitzimitl gestures at you.
The bolt of negative energy hits Numeria.
Numeria completely resists.
The bolt of negative energy misses you.
Numeria points at the Tzitzimitl and mumbles some strange words.
The bolt of magma hits the Tzitzimitl!!
Numeria barely misses the Tzitzimitl.
The Tzitzimitl is engulfed in a cloud of scalding steam.
The Tzitzimitl engulfs Numeria!
The Tzitzimitl bites Numeria but does no damage.
Numeria hits the Tzitzimitl with a +0 lajatang of freezing!!
The Tzitzimitl dies!
There is a staircase leading out of the dungeon here.
You have escaped!

## #..≈~~≈.~~~≈.#.#...#.### #####
#..~~~~.≈~~~.#.#...#.... .^..#
#..~~~~.~~~§.......#..## ....#
#..~~~~.~~§~.......#..## ....#
#..~≈≈~.~≈~≈.......'...# ....#
#..~~≈~.~~~~.......##### ....#
###..P~~...≈~P...........#
....####........R...........###.#
.......#........8...........# #.#
.......#....................# #.#
.......#....P~~...~~P.......# #.#
......)..#..~~~~.~≈~~.......# #.#
....####.#..~≈≈~.~~~~.......# #..
....# #.#..~~~≈.~~~~.......# ###
.)..# #.#..~~~~.≈~~~.......#
#..#####.#..~~~~.~~~≈.#######
##.....#.#..~~~~.~~~~.# ####


You could see the friendly Numeria the battlemage (fast).

Vanquished Creatures
  3 dread liches
  An orb of fire (Zot:5)
  3 ancient liches
  A Killer Klown (Zot:5)
  Bai Suzhen (Spider:4)
  The ghost of handsome the Unseen, a veteran OpWn of Xom (Vaults:2)
  A curse toe (Zot:5)
  A caustic shrike (Depths:2)
  Nikola (Swamp:1)
  3 golden dragons
  Norris (Depths:2)
  The ghost of Nedaafist the Warrior, an adept DgNe (Crypt:1)
  Arachne (Spider:2)
  A spectral shard shrike (Crypt:1)
  4 tentacled monstrosities
  A hellephant (Depths:1)
  An Ice Fiend (D:8)
  2 liches
  Mlioglotl (Spider:1)
  4 deep elf blademasters (Elf:3)
  13 Orb Guardians
  Asterion (Spider:1)
  3 titans (Vaults:5)
  An Executioner (D:2)
  2 deep elf master archers (Elf:3)
  2 quicksilver dragons
  Agnes (Lair:2)
  A sphinx (Vaults:5)
  An ancient champion (Vaults:2)
  A death cob (Zot:5)
  6 tengu reavers
  Roxanne (Spider:1)
  4 storm dragons (Vaults:5)
  Donald (Swamp:2)
  Aizul (Spider:2)
  Kirke (Swamp:3)
  4 fire giants
  The ghost of Saxaraxtai the Severer, a journeyman MiBe of Trog (Spider:3)
  An iron dragon (Depths:4)
  2 draconian knights (Zot:5)
  2 deep elf sorcerers
  5 ghost moths
  12 vault wardens
  2 deep elf elementalists (Elf:3)
  3 ghouls (Crypt:1)
  3 frost giants
  A cacodemon (Depths:3)
  An orc warlord (Vaults:2)
  A spectral caustic shrike (Crypt:1)
  18 ironbound preservers
  3 war gargoyles (Vaults:5)
  A draconian annihilator (Zot:5)
  11 stone giants
  7 very ugly things
  4 vampire knights
  6 ironbound thunderhulks
  5 green draconians
  7 broodmothers
  3 deep elf death magi (Elf:3)
  2 formless jellyfish (Vaults:2)
  3 eleionomae
  5 yellow draconians
  2 spark wasps
  4 black draconians
  6 deep elf annihilators
  A deep elf demonologist (Elf:3)
  3 bunyips
  2 red draconians
  Azrael (Spider:1)
  A spectral titan (Crypt:1)
  5 dire elephants
  3 purple draconians
  2 ettins (Depths:1)
  2 white draconians
  2 eidola
  A spectral golden dragon (Crypt:1)
  7 entropy weavers
  4 fire dragons
  2 deep elf high priests
  A jiangshi (Vaults:2)
  An entropy weaver (shapeshifter) (D:15)
  4 ice dragons (Depths:4)
  4 jorogumos
  2 rakshasas (Depths:1)
  13 hydras
  6 yaktaur captains
  19 vault guards
  8 great orbs of eyes
  A ghost crab (Swamp:1)
  6 ironbound frosthearts
  2 radroaches
  Erica (D:8)
  7 centaur warriors
  2 ogre magi
  7 alligators
  A spriggan air mage (Depths:3)
  A bennu zombie (Crypt:1)
  2 death knights
  4 boulder beetles
  A catoblepas (Lair:5)
  6 death yaks (Lair:5)
  2 death scarabs (Spider:3)
  5 two-headed ogres
  2 deep troll shamans (Depths:4)
  A two-headed ogre (shapeshifter) (Vaults:5)
  3 hell hogs (Depths:1)
  A spriggan berserker (Depths:3)
  6 tengu warriors
  17 dancing weapons
  A vampire mage (Vaults:2)
  4 deep troll earth magi
  9 demonic crawlers
  3 hell knights (Depths:1)
  A sun demon (Depths:2)
  13 deep elf knights
  2 skysharks (Depths:2)
  A storm dragon zombie (Crypt:1)
  2 goliath frogs
  8 iron trolls
  A ghost moth zombie (Crypt:1)
  4 spriggan druids
  2 spriggan riders
  A sixfirhy (Depths:3)
  A storm dragon skeleton (Crypt:1)
  A bunyip zombie (Crypt:1)
  33 deep trolls
  A spectral ghost moth (Spider:3)
  An anaconda zombie (Crypt:1)
  7 pharaoh ants
  A death drake (shapeshifter) (Vaults:5)
  4 sun moths
  3 deep elf archers
  2 glowing orange brains
  A spectral wolf spider (Spider:3)
  3 orb spiders
  A sun moth (shapeshifter) (Vaults:5)
  2 bog bodies (Swamp:1)
  2 flayed ghosts
  15 ironbound convokers
  7 steelbarb worms
  7 arcanists
  17 deep elf pyromancers
  9 lindwurms
  6 swamp dragons
  2 orc knights
  4 phantasmal warriors
  A necromancer (Crypt:1)
  9 deep elf zephyrmancers
  A will-o-the-wisp (Swamp:4)
  15 wolf spiders
  23 ugly things
  A spectral ettin (Crypt:1)
  A shadow dragon skeleton (Vaults:3)
  2 manticores
  An orc sorcerer (Orc:2)
  A fire giant skeleton (Depths:1)
  2 spectral centaurs (Crypt:1)
  4 cyclopes
  Maurice (D:11)
  6 moths of wrath
  10 elephants
  12 vault sentinels
  2 black mambas
  A kobold blastminer (Orc:1)
  A centaur zombie (Crypt:1)
  6 torpor snails
  Joseph (D:8)
  7 cane toads
  An eye of devastation (shapeshifter) (Vaults:5)
  2 orange demons
  A gargoyle (D:13)
  A yaktaur zombie (Vaults:3)
  9 komodo dragons
  2 rime drakes
  14 yaktaurs
  4 tengu conjurers
  3 freezing wraiths
  A ghost moth simulacrum (Spider:3)
  6 meliai
  A guardian mummy (Crypt:1)
  6 polar bears
  2 harpy zombies (Crypt:1)
  7 trolls
  14 tarantellas
  Grinder (D:6)
  2 glass eyes
  11 tyrant leeches
  A wolf spider simulacrum (Spider:3)
  A harpy skeleton (Crypt:1)
  7 blink frogs
  A spriggan zombie (Depths:1)
  A blink frog (shapeshifter) (D:15)
  5 dream sheep (Lair:5)
  An ettin zombie (Vaults:3)
  28 jumping spiders
  Sigmund (D:6)
  A culicivora (shapeshifter) (Depths:2)
  20 slime creatures
  3 air elementals
  14 culicivoras
  2 flying skulls (Crypt:1)
  A spriggan (Swamp:4)
  3 shadows
  2 vampires
  A water elemental (Depths:2)
  6 wraiths
  35 yaks
  2 basilisks
  A hog (Swamp:3)
  4 wyverns
  6 fire elementals
  2 wargs
  2 steam dragons
  32 redbacks
  9 vampire mosquitoes
  A spectral entropy weaver (Spider:3)
  Menkaure (D:6)
  A harpy simulacrum (Crypt:1)
  A swamp worm (shapeshifter) (Depths:2)
  9 swamp worms
  An acid dragon (D:12)
  8 water moccasins
  A hydra simulacrum (Crypt:1)
  A hell hound (Spider:1)
  A human skeleton (Depths:1)
  10 orc warriors
  A sky beast (D:4)
  8 swamp drakes
  An ettin simulacrum (Crypt:1)
  8 black bears
  18 wolves
  A boggart (Vaults:1)
  7 centaurs
  5 ogres
  4 kobold brigands
  An earth elemental (Elf:1)
  7 bullfrogs
  2 scorpions
  A water moccasin zombie (Ossuary)
  A warg skeleton (Crypt:1)
  4 wights (D:8)
  A howler monkey (D:7)
  6 electric eels
  4 hounds (D:5)
  2 spectral scorpions (Ossuary)
  11 orc priests
  A gnoll bouda (D:9)
  A sleepcap (D:3)
  Crazy Yiuf (D:4)
  A black bear skeleton (Crypt:1)
  3 iguanas (D:5)
  20 orc wizards
  8 hell rats
  A bullfrog simulacrum (Ossuary)
  2 mummies (Ossuary)
  8 gnolls
  6 adders
  2 shadow imps
  2 white imps (D:6)
  A bombardier beetle (D:5)
  6 ufetubi
  5 adder zombies (Ossuary)
  3 worms
  4 dart slugs
  46 orcs
  3 endoplasms
  3 giant cockroaches
  A gnoll zombie (Ossuary)
  11 hobgoblins
  9 jackals
  30 kobolds
  3 quokkas
  7 ball pythons
  4 bats
  5 frilled lizards
  8 goblins
  3 hobgoblin zombies (Ossuary)
  4 kobold zombies (Ossuary)
  7 orc zombies (Ossuary)
  4 rats
1291 creatures vanquished.

Vanquished Creatures (collateral kills)
  2 orbs of fire (Zot:5)
  A juggernaut (Depths:2)
  Josephina (Depths:4)
  A Killer Klown (Zot:5)
  3 caustic shrikes (Depths:2)
  The ghost of Getoffmy the Slayer, a veteran GrFi of Wu Jian (Vaults:2)
  A Tzitzimitl (D:1)
  The ghost of SpeedRobin the Champion of Chaos, an adept DDFi of Makhleb (Vaults:2)
  An electric golem (Zot:5)
  4 tentacled monstrosities
  A Brimstone Fiend (Zot:2)
  A Hell Sentinel (Depths:4)
  Jorgrun (Spider:3)
  A lich (Vaults:5)
  Rupert (Orc:2)
  A walking earthen tome (Depths:3)
  A deep elf master archer (Elf:3)
  12 Orb Guardians (Zot:5)
  2 deep elf blademasters (Elf:3)
  2 titans (Vaults:5)
  An ancient champion (Crypt:1)
  3 death cobs
  3 tengu reavers
  4 shadow dragons
  4 storm dragons
  4 frost giants
  3 fire giants
  A draconian shifter (Zot:2)
  An emperor scorpion (Spider:4)
  An iron dragon (Vaults:5)
  2 draconian monks
  8 vault wardens
  2 deep elf elementalists (Elf:3)
  4 ghost moths
  A draconian stormcaller (Zot:5)
  An angel (D:1)
  4 draconian annihilators
  A formless jellyfish (Vaults:3)
  2 ironbound thunderhulks
  A vampire knight (Depths:2)
  3 broodmothers
  10 ironbound preservers
  9 very ugly things
  3 stone giants
  2 green draconians
  A deep elf death mage (Elf:3)
  A black draconian (Zot:2)
  A deep elf demonologist (Elf:3)
  4 dire elephants
  A deep elf annihilator (Elf:3)
  A bunyip (Swamp:1)
  3 purple draconians
  3 white draconians (Zot:5)
  2 red draconians
  2 eidola
  A spark wasp (Spider:2)
  A green death (Zot:2)
  A merfolk javelineer (Depths:2)
  3 ettins
  3 fire dragons
  A deep elf high priest (Elf:3)
  8 yaktaur captains
  2 entropy weavers
  Harold (D:10)
  2 great orbs of eyes
  8 vault guards (Vaults:5)
  An ogre mage (Orc:2)
  A peacekeeper (Vaults:3)
  A hell beast (Zot:2)
  A spriggan air mage (Swamp:2)
  2 ice dragons
  3 rakshasas
  3 ironbound frosthearts (Vaults:2)
  3 catoblepae
  6 two-headed ogres
  A death knight (Vaults:2)
  3 centaur warriors
  5 hydras
  2 deep troll shamans
  5 boulder beetles
  A death yak (Lair:5)
  5 tengu warriors
  11 dancing weapons
  3 vampire magi
  A hell hog (Depths:1)
  An Orb Guardian skeleton (Crypt:1)
  A deep troll earth mage (Depths:2)
  3 demonic crawlers
  A hell knight (Depths:1)
  5 deep elf knights
  A soul eater (Crypt:1)
  Amaemon (Lair:1)
  2 skysharks (Depths:2)
  2 spriggan berserkers
  7 iron trolls
  A spectral ghost moth (Spider:3)
  2 pharaoh ants
  A sun demon (Zot:2)
  2 sixfirhies
  2 goliath frogs (Swamp:4)
  5 skeletal warriors (Crypt:1)
  23 deep trolls
  7 swamp dragons
  2 spriggan druids (Swamp:4)
  2 shadow demons
  A sun moth (Spider:4)
  A glowing orange brain (Depths:1)
  6 ironbound convokers
  A bog body (Lair:2)
  9 deep elf archers
  2 tengu zombies
  6 orb spiders
  A steelbarb worm (Spider:3)
  An arcanist (Vaults:3)
  A spectral wolf spider (Spider:3)
  4 lindwurms (Vaults:1)
  9 deep elf zephyrmancers
  6 phantasmal warriors
  9 wolf spiders
  5 necromancers
  3 deep elf pyromancers (Elf:2)
  15 ugly things
  A cyclops (D:14)
  An orc sorcerer (Orc:1)
  4 moths of wrath
  8 elephants
  4 manticores
  4 will-o-the-wisps
  A black mamba (Lair:5)
  8 vault sentinels
  An orange demon (Lair:1)
  A gargoyle (D:12)
  5 cane toads
  A hellion (Depths:2)
  An unseen horror (shapeshifter) (Elf:2)
  2 torpor snails
  A rime drake (Lair:3)
  19 yaktaurs
  6 komodo dragons
  A swamp worm zombie (Swamp:4)
  2 tengu conjurers
  A freezing wraith (Crypt:1)
  A kobold demonologist (D:9)
  An alligator snapping turtle skeleton (Crypt:1)
  A ghost moth simulacrum (Spider:3)
  2 meliai (Spider:4)
  A polar bear (Lair:2)
  4 trolls
  4 tyrant leeches
  A troll (shapeshifter) (Vaults:5)
  An iron troll skeleton (Crypt:1)
  17 tarantellas
  A tengu simulacrum (Depths:4)
  4 hornets
  A tarantella (shapeshifter) (Vaults:5)
  A snapping turtle (shapeshifter) (Vaults:5)
  9 blink frogs
  A shadow dragon simulacrum (Depths:4)
  A raiju (shapeshifter) (D:14)
  A raiju (Swamp:1)
  5 dream sheep (Lair:5)
  A merfolk zombie (Crypt:1)
  A flying skull (Crypt:1)
  8 slime creatures
  17 jumping spiders
  6 culicivoras
  A centaur simulacrum (Crypt:1)
  A wraith (Crypt:1)
  2 spriggans
  6 water elementals
  An air elemental (Elf:2)
  A wyvern (Lair:3)
  17 yaks
  A dire elephant simulacrum (Crypt:1)
  4 hogs (Swamp:3)
  A shadow (D:12)
  A human (Lair:1)
  4 wargs
  A fire elemental (Elf:1)
  A basilisk (D:14)
  A yaktaur simulacrum (Vaults:3)
  20 redbacks
  5 vampire mosquitoes
  An acid dragon (D:10)
  5 swamp worms
  A harpy simulacrum (Crypt:1)
  3 water moccasins
  4 swamp drakes
  3 orc warriors
  2 black bears
  4 human zombies
  2 boggarts (Vaults:1)
  5 wolves
  14 ogres
  3 centaurs
  A kobold brigand (D:8)
  A bullfrog (Lair:2)
  A scorpion (D:8)
  An earth elemental (Elf:1)
  4 wights (D:10)
  A howler monkey (D:13)
  3 orc priests
  A black bear skeleton (Crypt:1)
  5 orc wizards
  6 hell rats
  A swamp drake zombie (Swamp:1)
  20 orcs
  3 kobolds (D:8)
701 creatures vanquished.

Vanquished Creatures (others)
  2 caustic shrike zombies (Depths:2)
  A very ugly thing zombie (Depths:1)
  A quicksilver dragon zombie (Vaults:5)
  A sphinx zombie (Vaults:5)
  A juggernaut simulacrum (Depths:4)
  3 Orb Guardian zombies (Zot:5)
  2 storm dragon zombies (Vaults:5)
  2 golden dragon zombies (Vaults:5)
  A spark wasp zombie (Spider:3)
  A quicksilver dragon simulacrum (Depths:4)
  An ogre zombie (Vaults:2)
  A shadow dragon zombie (Vaults:5)
  A goliath frog zombie (Swamp:3)
  A deep elf pyromancer (Elf:1)
  2 broodmother zombies (Spider:4)
  2 draconian zombies (Zot:5)
  A spriggan simulacrum (Depths:4)
  An arcanist (Vaults:2)
  4 wolf spider zombies
  2 ugly thing zombies
  A frost giant zombie (Depths:3)
  2 hell hog zombies (Depths:1)
  A minotaur zombie (Spider:1)
  2 stone giant zombies
  2 dire elephant zombies
  A formless jellyfish zombie (Vaults:3)
  2 black draconian zombies
  3 white draconian zombies
  A swamp worm zombie (Swamp:2)
  A steelbarb worm zombie (Spider:4)
  2 green draconian zombies
  A yellow draconian zombie (Zot:5)
  12 redback zombies
  A bloated husk (Swamp:4)
  2 great orb of eyes zombies (Vaults:2)
  4 demonic crawler zombies
  A death drake zombie (Vaults:5)
  2 sun moth zombies
  A tarantella (Spider:3)
  6 jumping spider zombies
  7 tarantella zombies
  5 culicivora zombies
  An ettin zombie (Depths:1)
  A fire dragon zombie (Depths:3)
  A jumping spider (Spider:3)
  A meliai zombie (Spider:4)
  A culicivora (Spider:1)
  2 spriggan zombies (Depths:3)
  A spriggan (Depths:4)
  A water elemental (Elf:3)
  A fire elemental (Spider:1)
  A redback (Spider:1)
  3 tengu zombies
  8 deep troll zombies
  A skyshark zombie (Depths:2)
  2 entropy weaver zombies
  A hell hound (Spider:1)
  9 elf zombies
  A snapping turtle zombie (Vaults:5)
  2 swamp dragon zombies (Swamp:4)
  4 lindwurm zombies (Vaults:1)
  29 human zombies
  2 vampire mosquito zombies (Swamp:1)
  A torpor snail zombie (Spider:4)
  6 yaktaur zombies
  An ancestor (D:9)
  67 battlemagi
  A swamp drake zombie (Swamp:4)
  10 foxfires
250 creatures vanquished.

Grand Total: 2242 creatures vanquished

Notes
Turn   | Place    | Note
-------+----------+-------------------------------------------
     0 | D:1      | iamserjio the Octopode Wanderer began the quest for the
                  | Orb.
     0 | D:1      | iamserjio set off with the following items: a +2
                  | quarterstaff, a potion of lignification, a +0 hat, a scroll
                  | of fear.
     0 | D:1      | Reached XP level 1. HP: 14/14 MP: 1/1
   136 | D:1      | Reached XP level 2. HP: 20/20 MP: 2/2
   524 | D:1      | Reached skill level 3 in Fighting
   524 | D:1      | Reached XP level 3. HP: 26/26 MP: 3/3
   694 | D:2      | Found a faded altar of an unknown god.
   827 | D:2      | Learned a level 2 spell: Passwall
   874 | D:2      | Reached XP level 4. HP: 31/31 MP: 4/4
  1534 | D:3      | Found an ornate altar of the Wu Jian Council.
  1683 | D:3      | Reached skill level 4 in Fighting
  1718 | D:3      | Found a stormy altar of Qazlal.
  1894 | D:3      | Noticed a kobold brigand
  1907 | D:3      | Killed a kobold brigand
  1908 | D:3      | Reached XP level 5. HP: 34/38 MP: 5/5
  2656 | D:3      | Reached skill level 5 in Fighting
  2656 | D:3      | Reached XP level 6. HP: 34/45 MP: 6/6
  2968 | D:4      | Found a staircase to the Ecumenical Temple.
  2979 | Temple   | Entered the Ecumenical Temple
  3540 | D:4      | Noticed a sky beast
  3601 | D:4      | Killed a sky beast
  3602 | D:4      | Reached skill level 1 in Evocations
  3938 | D:4      | Reached XP level 7. HP: 48/51 MP: 7/7
  4201 | D:5      | Entered Level 5 of the Dungeon
  4210 | D:5      | Reached skill level 6 in Fighting
  4724 | D:5      | Found an opulent altar of Gozag.
  4729 | D:5      | Learned a level 3 spell: Ozocubu's Armour
  5053 | D:5      | Reached skill level 1 in Ice Magic
  5078 | D:6      | Reached XP level 8. HP: 58/58 MP: 8/8
  5079 | D:6      | Found a sand-covered staircase.
  5089 | D:6      | Noticed Sigmund
  5103 | Ossuary  | Entered an ossuary
  5134 | Ossuary  | Reached skill level 1 in Spellcasting
  5135 | Ossuary  | Reached skill level 7 in Fighting
  5303 | Ossuary  | Reached skill level 5 in Dodging
  5360 | D:6      | Gained mutation: You have hidden genetic defects. [potion
                  | of mutation]
  5360 | D:6      | Gained mutation: Your muscles are strong. (Str +4, Int/Dex
                  | -1) [potion of mutation]
  5367 | D:6      | Killed Sigmund
  5410 | D:6      | Noticed Menkaure
  5413 | D:6      | Killed Menkaure
  5434 | D:6      | Gained mutation: You are clumsy. (Dex -2) [hidden defects]
  5449 | D:6      | Noticed Grinder
  5469 | D:6      | Paralysed by Grinder for 3 turns
  5472 | D:6      | Killed Grinder
  5475 | D:6      | Gained mutation: You are vulnerable to heat. (rF-) [hidden
                  | defects]
  5475 | D:6      | Lost mutation: You have hidden genetic defects. [hidden
                  | defects expressed]
  5593 | D:6      | Lost mutation: You are clumsy. (Dex -2) [potion of
                  | mutation]
  5593 | D:6      | Lost mutation: Your muscles are strong. (Str +4, Int/Dex
                  | -1) [potion of mutation]
  5593 | D:6      | Lost mutation: You are vulnerable to heat. (rF-) [potion of
                  | mutation]
  5593 | D:6      | Gained mutation: Your system is resistant to poisons.
                  | (rPois) [potion of mutation]
  5593 | D:6      | Gained mutation: You are covered in fur. (AC +1) [potion of
                  | mutation]
  5652 | D:6      | Reached XP level 9. HP: 64/64 MP: 11/13
  6472 | D:6      | Learned a level 3 spell: Call Canine Familiar
  6556 | D:6      | Reached skill level 5 in Ice Magic
  6747 | D:7      | Reached skill level 1 in Summonings
  6753 | D:7      | Found a basalt altar of Yredelemnul.
  6760 | D:7      | Found a sparkling altar of Nemelex Xobeh.
  6760 | D:7      | Found a glowing golden altar of the Shining One.
  6762 | D:7      | Found a radiant altar of Vehumet.
  6764 | D:7      | Found a shimmering altar of Xom.
  6765 | D:7      | Found a hazy altar of Hepliaklqana.
  6768 | D:7      | Became a worshipper of Hepliaklqana the Forgotten
  7561 | D:7      | Reached skill level 8 in Fighting
  8245 | D:7      | Learned a level 1 spell: Summon Small Mammal
  8281 | D:8      | Found Neuthacs's Jewellery Shop.
  8468 | D:8      | Noticed Joseph
  8640 | D:8      | Found an ancient bone altar of Kikubaaqudgha.
  8654 | D:8      | Noticed a centaur warrior
  8726 | D:8      | Noticed a komodo dragon
  8741 | D:8      | Killed a komodo dragon
  8775 | D:8      | Reached XP level 10. HP: 72/72 MP: 15/15
  8914 | D:8      | Reached skill level 5 in Summonings
  9255 | D:4      | Found a runed translucent door.
  9256 | D:4      | Noticed Crazy Yiuf
  9264 | D:4      | Killed Crazy Yiuf
  9381 | D:9      | Found an iron altar of Okawaru.
  9469 | D:9      | Reached * piety under Hepliaklqana
  9613 | D:8      | Found a runed translucent door.
  9613 | D:8      | Noticed a death knight
  9613 | D:8      | Noticed a boulder beetle
  9615 | D:8      | Noticed a tengu warrior
  9615 | D:8      | Noticed a manticore
  9615 | D:8      | Noticed a catoblepas
  9615 | D:8      | Found the +9 sword of Zonguldrok {reap}
  9795 | D:9      | Found a snail-covered altar of Cheibriados.
  9850 | D:9      | Found a sacrificial altar of Ru.
  9879 | D:9      | Noticed a kobold demonologist
  9884 | D:9      | Killed a kobold demonologist
 10387 | D:9      | Found a staircase to the Orcish Mines.
 10656 | D:10     | Entered Level 10 of the Dungeon
 10882 | D:10     | Reached ** piety under Hepliaklqana
 10883 | D:10     | Remembered your ancestor Numeria as a battlemage
 11004 | D:10     | Reached skill level 5 in Long Blades
 11521 | D:10     | Noticed Harold
 11702 | D:10     | Killed Harold
 12082 | D:10     | Reached XP level 11. HP: 62/69 MP: 13/17
 12316 | D:10     | Learned a level 4 spell: Manifold Assault
 12407 | D:8      | Bought a +4 ring of protection for 504 gold pieces
 12580 | D:8      | Killed a centaur warrior
 12689 | D:8      | Found a staircase to the Lair.
 12765 | D:8      | Noticed Erica
 12780 | D:8      | Killed Erica
 12932 | D:8      | Killed Joseph
 13381 | D:11     | Noticed Maurice
 13394 | D:11     | Something stole a +4 falchion
 13398 | D:11     | Killed Maurice
 13639 | D:11     | Noticed a boulder beetle
 13659 | D:11     | Killed a boulder beetle
 13660 | D:11     | Reached skill level 1 in Invocations
 13694 | D:11     | Noticed a two-headed ogre
 13708 | D:11     | Killed a two-headed ogre
 13862 | D:12     | Noticed a manticore
 13868 | D:12     | Killed a manticore
 14040 | D:12     | You are sucked into a shaft and drop 3 floors!
 14040 | D:15     | Entered Level 15 of the Dungeon
 14044 | D:15     | Noticed an entropy weaver
 14057 | D:15     | Killed an entropy weaver
 14058 | D:15     | Reached skill level 10 in Long Blades
 14060 | D:15     | Noticed a boulder beetle
 14070 | D:15     | Noticed an eight-headed hydra
 14072 | D:15     | Noticed an orc knight
 14447 | D:13     | Reached *** piety under Hepliaklqana
 14471 | D:13     | Noticed a deep elf pyromancer
 14690 | D:13     | Noticed a centaur warrior
 14713 | D:13     | Killed a deep elf pyromancer
 14714 | D:13     | Reached XP level 12. HP: 72/73 MP: 18/18
 14834 | D:13     | Noticed a centaur warrior
 14849 | D:13     | Killed a centaur warrior
 14992 | D:13     | Killed a centaur warrior
 15444 | D:12     | Found Zin's Purification Station.
 15446 | D:12     | Found a glowing silver altar of Zin.
 15449 | D:12     | Bought 2 potions of curing for 180 gold pieces
 16250 | Lair:1   | Entered Level 1 of the Lair of Beasts
 16346 | Lair:1   | Reached **** piety under Hepliaklqana
 16355 | Lair:1   | Reached skill level 5 in Invocations
 16619 | Lair:1   | Noticed Sonja
 16620 | Lair:1   | Sonja changed into Sonja the human
 16620 | Lair:1   | Noticed Sonja
 16628 | Lair:1   | Killed Sonja the human
 16629 | Lair:1   | Reached skill level 10 in Dodging
 16685 | Lair:1   | Found a runed translucent door.
 16759 | Lair:1   | Noticed Amaemon
 16836 | Lair:1   | Killed Amaemon
 17666 | Lair:2   | Reached XP level 13. HP: 79/79 MP: 19/19
 18040 | Lair:2   | Found a hole to the Spider Nest.
 18182 | Lair:2   | Reached skill level 9 in Fighting
 18861 | Lair:2   | Found a staircase to the Swamp.
 18896 | Lair:2   | Found a white marble altar of Elyvilon.
 19720 | Lair:3   | Reached skill level 10 in Fighting
 20215 | Lair:3   | Reached ***** piety under Hepliaklqana
 21804 | Lair:4   | Found a staircase to the Slime Pits.
 21897 | Lair:4   | Reached skill level 11 in Fighting
 22105 | Lair:4   | Reached XP level 14. HP: 90/90 MP: 20/20
 22114 | Lair:4   | Found a frozen archway.
 22146 | IceCv    | Entered an ice cave
 22729 | Lair:5   | Entered Level 5 of the Lair of Beasts
 23132 | Lair:5   | Reached skill level 12 in Fighting
 23981 | Lair:5   | Reached skill level 13 in Fighting
 25033 | Lair:5   | Got the Codex of Substances and the Tempest
 25839 | D:13     | Reached XP level 15. HP: 65/100 MP: 21/21
 25946 | D:13     | Reached skill level 14 in Fighting
 25962 | D:13     | Found a gate to the Vaults.
 27701 | D:14     | Reached skill level 15 in Fighting
 27791 | D:15     | Reached skill level 1 in Shields
 28128 | D:15     | Found a staircase to the Depths.
 28425 | D:15     | Found Ikleoco's Armour Shoppe.
 28982 | D:8      | Bought a ring of ice for 350 gold pieces
 29095 | Orc:1    | Entered Level 1 of the Orcish Mines
 29111 | Orc:1    | Paralysed by an orc sorcerer for 3 turns
 29920 | Orc:2    | Entered Level 2 of the Orcish Mines
 29954 | Orc:2    | Found a staircase to the Elven Halls.
 29973 | Orc:2    | Noticed Rupert
 29979 | Orc:2    | Killed Rupert
 30283 | Orc:2    | Paralysed by an ogre mage for 2 turns
 30828 | Orc:2    | Reached skill level 16 in Fighting
 30887 | Orc:2    | Reached XP level 16. HP: 81/111 MP: 22/22
 30937 | Orc:2    | Found Igaleg's Armour Shoppe.
 30937 | Orc:2    | Found Xyidghad's Jewellery Emporium.
 30953 | Orc:2    | Found Val Gadgh's Assorted Antiques.
 30958 | Orc:2    | Found Isenac's Antique Armour Emporium.
 31306 | D:8      | Bought a ring of protection from fire for 350 gold pieces
 31455 | Orc:2    | Bought a scroll of blinking for 195 gold pieces
 31455 | Orc:2    | Bought a scroll of identify for 52 gold pieces
 31455 | Orc:2    | Bought a scroll of identify for 52 gold pieces
 31999 | D:8      | Got the Collected Works on Petrous Fire
 32002 | D:8      | Identified the staff of Nightmares {rElec rF+ Str-3 Dex+2
                  | Conj}
 32135 | Elf:1    | Entered Level 1 of the Elven Halls
 32510 | Swamp:1  | Entered Level 1 of the Swamp
 32542 | Swamp:1  | Reached skill level 5 in Shields
 32693 | Swamp:1  | Identified the +5 flail of Quantum Leap {protect, rC- Int+8
                  | Dex+7}
 32749 | Swamp:1  | Noticed Nikola
 32770 | Swamp:1  | Killed Nikola
 34022 | Swamp:2  | Identified a scroll of acquirement
 34242 | Swamp:2  | Noticed Donald
 34259 | Swamp:2  | Killed Donald
 34559 | Swamp:2  | Reached skill level 15 in Long Blades
 34565 | Swamp:2  | Identified the +8 rapier "Qobog Ugess" {heavy, Fly rC+++
                  | Str+2 Dex-2}
 34834 | Swamp:3  | Reached skill level 15 in Dodging
 34899 | Swamp:3  | Noticed Kirke
 34925 | Swamp:3  | Killed Kirke
 35237 | Swamp:3  | Reached skill level 17 in Fighting
 35256 | Swamp:3  | Reached XP level 17. HP: 118/118 MP: 23/23
 35504 | Swamp:4  | Entered Level 4 of the Swamp
 35923 | Swamp:3  | HP: 8/177 [six-headed hydra (3)]
 36498 | Swamp:4  | Got a decaying rune of Zot
 36789 | Swamp:4  | Found a white marble altar of Elyvilon.
 37209 | Spider:1 | Entered Level 1 of the Spider Nest
 37209 | Spider:1 | Noticed Agnes
 38034 | Lair:2   | Found a white marble altar of Elyvilon.
 38109 | Lair:2   | Killed Agnes
 38651 | Lair:2   | Found a staircase to the Swamp.
 38921 | Spider:1 | Noticed Mlioglotl
 39226 | Spider:1 | Noticed Asterion
 39229 | Spider:1 | Reached ****** piety under Hepliaklqana
 39237 | Spider:1 | Killed Asterion
 39247 | Spider:1 | Noticed Roxanne
 39263 | Spider:1 | Killed Roxanne
 39470 | Spider:1 | Noticed Azrael
 39482 | Spider:1 | Reached skill level 1 in Shapeshifting
 39500 | Spider:1 | Killed Azrael
 39517 | Spider:1 | Your ally Asterion died
 39991 | Spider:1 | Killed Mlioglotl
 41167 | Spider:2 | Reached skill level 5 in Shapeshifting
 41623 | Spider:2 | Reached XP level 18. HP: 126/126 MP: 24/24
 41651 | Spider:2 | Reached skill level 18 in Fighting
 41879 | Spider:2 | Noticed Arachne
 41888 | Spider:2 | Killed Arachne
 42278 | Spider:3 | Identified the serpent talisman "Womunwici" {Str+3 Dex+4
                  | Stlth-}
 42278 | Spider:3 | Noticed Aizul
 42444 | Spider:3 | Noticed Saxaraxtai's ghost (journeyman MiBe)
 42444 | Spider:3 | Found a transporter.
 42458 | Spider:2 | Killed Aizul
 43635 | Spider:3 | Noticed Jorgrun
 43821 | Spider:3 | Killed Jorgrun
 44247 | Spider:3 | Found a transporter.
 44377 | Spider:4 | Entered Level 4 of the Spider Nest
 45078 | Spider:4 | Reached skill level 10 in Shapeshifting
 45148 | Spider:4 | Reached skill level 19 in Fighting
 45316 | Spider:4 | Reached XP level 19. HP: 134/134 MP: 25/25
 45329 | Spider:4 | Noticed Bai Suzhen
 45368 | Spider:4 | Killed Bai Suzhen
 45369 | Spider:4 | HP: 6/134 [something (41)]
 45372 | Spider:4 | Reached XP level 20. HP: 27/140 MP: 23/26
 47073 | Spider:4 | Got a gossamer rune of Zot
 47902 | Spider:3 | Killed Saxaraxtai's ghost
 49028 | Elf:1    | Found a shimmering blue altar of Sif Muna.
 49470 | Elf:2    | Found an ancient bone altar of Kikubaaqudgha.
 49488 | Elf:2    | Identified the -1 hat "Ehesm" {Harm rElec rCorr Stlth-}
 49553 | Elf:2    | Paralysed by an air elemental for 1 turns
 49639 | Elf:2    | Found a runed translucent gate.
 49640 | Elf:2    | Found a runed translucent gate.
 49641 | Elf:2    | Found a runed translucent gate.
 49907 | Elf:3    | Entered Level 3 of the Elven Halls
 50054 | Elf:3    | Identified the +1 hand axe of Arrival {flame, ^Drain Str+2
                  | Dex+3}
 50476 | Elf:3    | Reached skill level 15 in Shapeshifting
 50732 | Elf:3    | Reached XP level 21. HP: 132/145 MP: 27/27
 50834 | Elf:3    | Identified the +9 morningstar "Jikloxze" {venom, Will+}
 52175 | Elf:3    | Found the +6 arbalest "Damnation" {damnation}
 52390 | Elf:3    | Identified the +6 broad axe of Wyrd {elec, *Corrode rElec
                  | Str+3 Dex+6}
 52390 | Elf:3    | Identified the ring "Nileab Icve" {rPois rF++ rC+ Str+3
                  | Dex-5}
 52461 | Elf:3    | Identified the ring "Xavuddat" {rC- rN+ rCorr Stlth+}
 52463 | Elf:3    | Got the Compilation of Causimancy
 52466 | Elf:3    | Got the Anthology of Hypothermia and Ectoplasm
 53334 | Vaults:1 | Entered Level 1 of the Vaults
 53531 | Vaults:1 | Reached skill level 20 in Fighting
 53801 | Vaults:1 | Found Besulul's Antique Weapon Shoppe.
 54831 | Vaults:2 | Reached skill level 5 in Evocations
 55147 | Vaults:2 | Reached XP level 22. HP: 153/153 MP: 28/28
 55442 | Vaults:2 | Found a staircase to the Crypt.
 55878 | Vaults:2 | Found a runed translucent gate.
 55878 | Vaults:2 | Found a runed translucent gate.
 55878 | Vaults:2 | Found a runed translucent gate.
 55879 | Vaults:2 | Noticed handsome's ghost (veteran OpWn)
 55879 | Vaults:2 | Noticed Getoffmy's ghost (veteran GrFi)
 55880 | Vaults:2 | Noticed SpeedRobin's ghost (adept DDFi)
 56506 | Vaults:3 | Reached skill level 10 in Shields
 56911 | Vaults:3 | Reached skill level 21 in Fighting
 57107 | Vaults:3 | Identified the +6 scimitar of Dishonesty {freeze, rF+
                  | Str+4}
 58120 | Vaults:4 | Found the +1 cloak of Starlight {*Dazzle EV+4 Stlth--}
 58280 | Vaults:4 | Reached XP level 23. HP: 162/162 MP: 29/29
 58877 | D:8      | Bought an amulet of regeneration for 420 gold pieces
 59090 | Depths:1 | Entered Level 1 of the Depths
 59392 | Depths:1 | Found a one-way gateway to a ziggurat.
 59571 | Depths:1 | Found Vunaarya's Armour Emporium.
 59741 | Depths:1 | Found a gateway to Hell.
 60198 | Depths:2 | Noticed a caustic shrike
 60199 | Depths:2 | Noticed Norris
 60199 | Depths:2 | Noticed a caustic shrike
 60215 | Depths:2 | Killed a caustic shrike
 60216 | Depths:2 | Reached skill level 10 in Invocations
 60216 | Depths:2 | Noticed a caustic shrike
 60217 | Depths:2 | Killed a caustic shrike
 60218 | Depths:2 | Noticed a caustic shrike
 60219 | Depths:2 | Killed a caustic shrike
 60220 | Depths:2 | Killed a caustic shrike
 60228 | Depths:2 | Killed Norris
 60232 | Depths:2 | Reached skill level 22 in Fighting
 60339 | Depths:2 | Found a one-way gate leading to the halls of Pandemonium.
 60495 | Depths:2 | Noticed a juggernaut
 60505 | Depths:2 | Killed a juggernaut
 60516 | Depths:2 | Found a one-way gate to the infinite horrors of the Abyss.
 60523 | Depths:2 | Identified the +3 kite shield of Supple Strength {MP+9}
 61056 | Depths:3 | Reached XP level 24. HP: 170/170 MP: 29/31
 61098 | Depths:3 | Found Okhaf's Distillery.
 61101 | Depths:3 | Bought a potion of heal wounds for 105 gold pieces
 61101 | Depths:3 | Bought a potion of heal wounds for 105 gold pieces
 61101 | Depths:3 | Bought a potion of curing for 63 gold pieces
 61101 | Depths:3 | Bought a potion of heal wounds for 105 gold pieces
 61101 | Depths:3 | Bought a potion of ambrosia for 168 gold pieces
 61101 | Depths:3 | Bought 2 potions of curing for 126 gold pieces
 61726 | Depths:3 | Identified the ring of Jiut {Fly}
 61733 | Depths:3 | Identified the +6 falchion of Analysis {pain, Int-4 Dex+2
                  | SInv}
 61856 | Depths:3 | Acquired the ring "Ecrutt" {rF++ Int-3 SInv Stlth+}
 61864 | Depths:4 | Entered Level 4 of the Depths
 61870 | Depths:4 | Identified the ring "Iluuvoom" {Ice rPois}
 61870 | Depths:4 | Noticed Josephina
 61992 | Depths:4 | Killed Josephina
 62125 | Depths:4 | Reached skill level 10 in Evocations
 62311 | Depths:4 | Found Notiybih's Magic Scroll Shop.
 62323 | Depths:4 | Bought a scroll of teleportation for 42 gold pieces
 62323 | Depths:4 | Bought a scroll of enchant armour for 105 gold pieces
 62323 | Depths:4 | Bought a scroll of summoning for 133 gold pieces
 62323 | Depths:4 | Bought a scroll of fear for 56 gold pieces
 62435 | Depths:4 | Found the ring of the Tortoise {AC+8}
 62669 | Depths:4 | Found a gate to the Realm of Zot.
 63490 | Vaults:5 | Entered Level 5 of the Vaults
 63506 | Vaults:5 | Reached skill level 5 in Stealth
 63509 | Vaults:5 | Reached skill level 1 in Alchemy
 63512 | Vaults:5 | Reached skill level 1 in Translocations
 63512 | Vaults:5 | Reached skill level 1 in Earth Magic
 63543 | Vaults:5 | Noticed an ancient lich
 63696 | Vaults:5 | Noticed an ancient lich
 63712 | Vaults:5 | Killed an ancient lich
 63728 | Vaults:5 | Noticed a dread lich
 63734 | Vaults:5 | Killed a dread lich
 63739 | Vaults:5 | Killed an ancient lich
 63842 | Vaults:5 | Identified the +3 hand axe of Valiance {heavy, Int+3 Dex+4}
 63861 | Vaults:5 | Identified the +3 mace "Aricliro" {flame, rPois rF+ Dex+2}
 63881 | Vaults:5 | Reached XP level 25. HP: 177/177 MP: 31/31
 63991 | Vaults:5 | Reached skill level 5 in Alchemy
 64143 | Vaults:5 | Reached skill level 5 in Earth Magic
 64185 | Vaults:5 | Got a silver rune of Zot
 64237 | Vaults:5 | Identified the staff of Dissolution {Fly rC+ Will+ Ice}
 64562 | Vaults:5 | Identified the staff of Inquiry {rF+ rN+ Str-4 Dex+2 Summ
                  | Necro}
 65071 | Vaults:2 | Killed Getoffmy's ghost
 65075 | Vaults:2 | Killed SpeedRobin's ghost
 65091 | Vaults:2 | Killed handsome's ghost
 65359 | Orc:2    | Bought an iridescent flail for 221 gold pieces
 65359 | Orc:2    | Identified the +2 flail "Bastry" {freeze, rF++ rN+ Will+
                  | Int-5} (You bought it in a shop on level 2 of the Orcish
                  | Mines)
 65630 | Crypt:1  | Entered Level 1 of the Crypt
 65778 | Crypt:1  | Found a runed translucent gate.
 65778 | Crypt:1  | Found a runed translucent gate.
 65778 | Crypt:1  | Found a runed translucent gate.
 65781 | Crypt:1  | Noticed Nedaafist's ghost (adept DgNe)
 65791 | Crypt:1  | Noticed an ancient lich
 65799 | Crypt:1  | Killed an ancient lich
 65931 | Crypt:1  | Reached skill level 23 in Fighting
 65943 | Crypt:1  | Reached skill level 10 in Stealth
 65951 | Crypt:1  | Found an ancient bone altar of Kikubaaqudgha.
 66156 | Crypt:1  | Reached skill level 5 in Translocations
 66429 | Crypt:1  | Killed Nedaafist's ghost
 66835 | Zot:1    | Entered Level 1 of the Realm of Zot
 67973 | Zot:4    | Identified the staff of Kindness {rPois Conj}
 68103 | Zot:5    | Entered Level 5 of the Realm of Zot
 68157 | Zot:5    | Reached XP level 26. HP: 184/184 MP: 31/31
 68450 | Zot:5    | Got a prismatic gem with 144 turns to spare
 68474 | Zot:5    | Noticed a dread lich
 68495 | Zot:5    | Killed a dread lich
 68547 | Zot:5    | Lost the prismatic gem through the power of Zot.
 68757 | Zot:5    | Noticed a Killer Klown
 68784 | Zot:5    | Killed a Killer Klown
 68802 | Zot:5    | Noticed an orb of fire
 68810 | Zot:5    | Killed an orb of fire
 68997 | Zot:5    | Noticed a dread lich
 68999 | Zot:5    | Paralysed by a dread lich for 3 turns
 69003 | Zot:5    | Killed a dread lich
 69021 | Zot:5    | Noticed an orb of fire
 69024 | Zot:5    | Noticed a dread lich
 69025 | Zot:5    | Noticed an orb of fire
 69030 | Zot:5    | Killed an orb of fire
 69031 | Zot:5    | Reached skill level 15 in Evocations
 69099 | Zot:5    | Noticed a Killer Klown
 69102 | Zot:5    | Killed an orb of fire
 69104 | Zot:5    | Killed a Killer Klown
 69214 | Zot:5    | Got the Orb of Zot
 69283 | Zot:4    | Reached skill level 15 in Stealth
 69468 | Depths:2 | Noticed Heust the pandemonium lord
 69609 | D:13     | Noticed a seraph
 69948 | D:$      | Escaped with the Orb!

Illustrated notes

Levels and vault maps discovered:
D:1:      giann_bridges, layout_basic, minmay_tiny_reverse_x
D:2:      layout_basic, basic_ecumenical_altar, minmay_heptomino_l4
D:3:      cheibrodos_thug_alley, layout_loops_ring,
          nicolae_qazlal_general_emergency, nzn_wu_jian_council_hall
D:4:      layout_loops_corners, minmay_temple_entry_sparse_star,
          kennysheep_minor_cross, minivault_4, uniq_crazy_yiuf_cottage
D:5:      layout_basic, overflow_temple_1_default
D:6:      layout_basic, lightli_ossuary_entry_decrepit_ruins, glass_columns_a,
          amcnicky_mini_corridor_feature, item_on_display_a, uniq_sigmund,
          uniq_menkaure, uniq_grinder
D:7:      layout_basic, minitemple
D:8:      minmay_gate_of_8, layout_basic, lemuel_doored_altar,
          grunt_lair_entry_orc_guard_hut, special_room [special_room_orc],
          kennysheep_windowed_goal, uniq_erica, uniq_joseph
D:9:      layout_roguey, lemuel_tele_altar, old_standard_altar,
          kennysheep_okawaru_gauntlet, david_orc_4
D:10:     layout_grid_maze, uniq_harold
D:11:     layout_basic, kennysheep_generic_room_12, uniq_maurice
D:12:     layout_stronghold, zin_purify
D:13:     layout_irregular_city, skrybe_vaults_entry_preservation,
          serial_park_tiny_2
D:14:     layout_basic, chequers_mini_garden
D:15:     grunt_enter_depths_snipers, layout_basic, minmay_fountain_box,
          serial_shops, shop_fountains, serial_library_hellmonk_h_bend
Temple:   chequers_temple_sunken
Lair:1:   dreamdust_labyrinth, layout_gridlike, minmay_holes,
          grunt_megastairs_5, infiniplex_staircase_pool_2, uniq_amaemon,
          uniq_sonja
Lair:2:   layout_chaotic_city, nicolae_swamp_entry_splash_gauntlet,
          dummy_spider_entry, basic_altar, serial_bayou_shore_a
Lair:3:   beast_lair_carwin_large_3, layout_cave_shapes, nicolae_lair_lindhole,
          grunt_megastairs_4, lemuel_fruit_tree
Lair:4:   layout_gridlike, slime_entry_1, portal_ice_cave_entry_pillars_1,
          beast_lair_carwin_11
Lair:5:   evilmike_catoblepas_cave, layout_hall_layers
Swamp:1:  layout_basic_swamp, evilmike_swamp_ruin_house_5, swamp_pool_1_2,
          beargit_elvish_explorers, uniq_nikola
Swamp:2:  layout_basic_swamp, evilmike_swamp_ruin_house_2, swamp_pool_1_2,
          uniq_donald
Swamp:3:  nicolae_swamp_ascending_descending, layout_basic_swamp,
          nicolae_swamp_stuck_in_the_mud, swamp_pool_3, nicolae_swamp_bean_lake,
          nicolae_swamp_tree_designs, st_swamp_mini, uniq_kirke
Swamp:4:  swamp, layout_basic_swamp, swamp_pool_3, lemuel_altar_in_water
Spider:1: layout_spider_delve, nicolae_spider_wall_of_niches, uniq_agnes,
          uniq_mlioglotl, uniq_azrael, uniq_roxanne, uniq_asterion
Spider:2: nicolae_spider_jumping_over_cracks [nicolae_spider_jumping_sub_pools,
          nicolae_spider_jumping_sub_shuffled, nicolae_spider_jumping_sub_moat,
          nicolae_spider_jumping_sub_pools], drop_trap, uniq_arachne
Spider:3: layout_spider_delve, gammafunk_ghost_mausoleum,
          guppyfry_spider_mini_2, uniq_jorgrun, uniq_aizul
Spider:4: hellmonk_spider_rune_endless_swarm, hangedman_stitches_earthworm,
          uniq_bai_suzhen
Orc:1:    layout_caves, basic_altar
Orc:2:    st_orc_open, layout_diamond_mine, basic_altar, uniq_rupert
Elf:1:    layout_geoelf_grid, evilmike_minifort, david_defended_altar_elf,
          roderic_lattice_octagonal_star
Elf:2:    nicolae_elf_blades_splatter_lattice
          [nicolae_blade_entry_diamond_columns], layout_geoelf_grid, basic_altar
Elf:3:    minmay_elf_hall, layout_gridlike, st_stairs_5
Vaults:1: nicolae_vaults_six-pack, vaults_dpeg_diagonal,
          vaults_room_ringed_pool, vaults_dpeg_spiral, v_misc_26, v_misc_30,
          vaults_mumra_minichess_inversion, nicolae_vaults_trapezoid_lopsided_3,
          nicolae_vaults_gold_heap, v_misc_14, nicolae_vaults_two_Ls,
          layout_vaults_omnigrid, serial_shops, shop
Vaults:2: gammafunk_ghost_cemetery, nicolae_vaults_network_s,
          nicolae_vaults_network_quinsquares
          [nicolae_vaults_network_quincunx_subvault,
          nicolae_vaults_network_quincunx_subvault,
          nicolae_vaults_network_quincunx_subvault,
          nicolae_vaults_network_quincunx_subvault], v_pattern_5,
          ontoclasm_vaults_bender, nicolae_vaults_stand_back,
          minmay_crypt_entry_simple_walls, vaults_room_stairs_pillars,
          nicolae_vaults_tetromino_T_1, v_misc_31,
          nicolae_vaults_storage_closets_2, v_misc_24, v_misc_5,
          layout_vaults_maze_bifur
Vaults:3: nicolae_vaults_trapezoid_layered, nicolae_vaults_heart-shaped_vault,
          vaults_dpeg_ring, nicolae_vaults_back_hallway,
          nicolae_vaults_big_angled_halls, grunt_vaults_focal, v_alt_pattern_4,
          vaults_mumra_hex, grunt_vaults_trifunnel, nicolae_vaults_shelves_hall,
          serial_ice_m, vaults_mumra_hexcomb, ontoclasm_vaults_decontamination,
          nicolae_vaults_network_square, layout_vaults_omnicross
Vaults:4: vaults_room_octagon, nicolae_vaults_heart-shaped_vault, v_misc_12,
          nicolae_vaults_trapezoid_lopsided_4, v_misc_17,
          nicolae_vaults_house_2, nicolae_vaults_wrenched, v_misc_10,
          ontoclasm_vaults_gallery, layout_vaults_big_room
Vaults:5: serial_shops
Crypt:1:  layout_gridlike, gammafunk_ghost_necromancy,
          lemuel_mausoleum_altar_kikubaaqudgha
Depths:1: layout_roguey, enter_ziggurat_a, serial_bayou_shore_b, serial_shops,
          nicolae_shop_waterfront, grunt_hell_horde, grunt_ministairs_6,
          dpeg_stationary_puzzle, grunt_megastairs_2
Depths:2: cross_vault, layout_cave_pools, rand_demon_pan_entry_3,
          grunt_hell_entry_dis_grunt, hangedman_decor_diamond_cutter,
          abyss_entry, uniq_norris
Depths:3: minmay_shrinking_squares, layout_cave_shapes, hell_entry,
          chequers_jeans, serial_shops, nicolae_shop_real_fake_doors,
          abyss_entry
Depths:4: grunt_twist_and_shout, layout_basic, hangedman_decor_slide_cut,
          serial_shops, shop, abyss_entry, hell_entry,
          minmay_guarded_unrand_tortoise, uniq_josephina
Zot:1:    layout_cathedral_of_symmetry
Zot:2:    layout_gridlike, hangedman_zot_diagonal_lockstep, uniq_vv
Zot:3:    hangedman_zot_vaults_quadrants, layout_concentric_octagons
Zot:4:    layout_basic
Zot:5:    layout_gridville, skrybe_zot_glass_2

Skill      XL: |  1  2  3  4  5  6  7  8  9 10 11 12 13 14 15 16 17 18 19 20 21 22 23 24 25 26 |
---------------+-------------------------------------------------------------------------------+-----
Fighting       | 3 4 5 6 7 8 11 13 16 17 19 20 21 22 23 | 23.0
Dodging        | 2 3 4 5 7 9 10 11 13 14 15 16 17 18 19 | 19.4
Evocations     | 1 2 3 4 5 7 9 11 13 15 | 15.6
Ice Magic      | 1 4 6 7 |  7.2
Spellcasting   | 2 3 4 |  4.0
Summonings     | 4 5 |  5.2
Long Blades    | 7 10 12 13 14 15 16 17 18 19 | 19.4
Invocations    | 3 6 7 9 10 11 | 11.2
Shields        | 4 6 8 9 10 11 12 | 12.1
Shapeshifting  | 5 10 11 15 16 | 16.0
Stealth        | 6 12 15 | 15.4
Alchemy        | 4 6 |  6.4
Translocations | 3 5 |  5.7
Earth Magic    | 4 5 |  5.8
Staves         | |  5.0

Action                     |  1- 3 |  4- 6 |  7- 9 | 10-12 | 13-15 | 16-18 | 19-21 | 22-24 | 25-27 || total
---------------------------+-------+-------+-------+-------+-------+-------+-------+-------+-------++-------
  Melee: Quarterstaff      |    46 |   120 |   223 |    71 |       |       |       |       |       ||   460
         Tentacles         |    10 |    15 |    51 |   105 |   232 |   265 |   159 |   223 |   158 ||  1218
         Constrict         |    12 |    31 |    66 |    53 |    71 |   149 |    97 |    98 |    73 ||   650
         Punch             |       |       |     6 |    11 |    11 |    14 |    17 |    18 |     8 ||    85
         Falchion          |       |       |       |    48 |       |       |       |       |       ||    48
         Scimitar          |       |       |       |   192 |   687 |   109 |       |       |       ||   988
         Double sword      |       |       |       |       |       |   736 |   478 |   630 |   423 ||  2267
         Rapier            |       |       |       |       |       |     1 |       |       |       ||     1
  Throw: Javelin           |     2 |     9 |    17 |     1 |       |       |       |       |       ||    29
         Dart              |       |       |     2 |    15 |    15 |     4 |       |       |       ||    36
   Cast: Ozocubu's Armour  |       |       |     1 |    27 |    36 |    16 |     2 |     1 |       ||    83
         Call Canine Famil |       |       |       |    30 |    39 |    22 |     5 |       |       ||    96
         Passwall          |       |       |       |       |       |       |       |       |     1 ||     1
 Invoke: Recall Ancestor   |       |       |       |    17 |    16 |    17 |    12 |    11 |    11 ||    84
         Ancestor Life: Ba |       |       |       |     1 |       |       |       |       |       ||     1
         Idealise          |       |       |       |     1 |     5 |     3 |     5 |     5 |     3 ||    22
  Evoke: Wand              |       |     1 |    40 |     4 |    10 |     3 |     5 |     2 |     6 ||    71
         Lightning rod     |       |       |       |       |       |     5 |     2 |       |       ||     7
         Box of beasts     |       |       |       |       |       |     1 |       |       |     1 ||     2
    Use: Scroll            |       |     1 |     4 |     7 |    16 |    20 |    10 |     6 |    14 ||    78
         Potion            |       |       |     6 |     2 |     1 |    12 |     6 |       |     2 ||    29
   Stab: Sleeping          |     7 |     8 |     9 |     5 |     7 |     8 |     5 |     7 |     5 ||    61
         Distracted        |     1 |       |     1 |     7 |    27 |    35 |    19 |    31 |    21 ||   142
         Invisible         |       |       |     4 |       |       |       |     2 |     1 |       ||     7
 Armour: Skin              |    12 |    31 |    87 |   151 |   230 |   315 |   235 |   326 |   242 ||  1629
  Dodge: Dodged            |    16 |    71 |   200 |   224 |   473 |   662 |   354 |   608 |   545 ||  3153
  Block: Other             |       |       |     5 |    69 |    89 |       |       |       |       ||   163
         Reflection        |       |       |       |     7 |     2 |     8 |    46 |    40 |    15 ||   118
         Kite shield       |       |       |       |       |   129 |   967 |   542 |   913 |   511 ||  3062
   Form: Statue            |       |       |       |       |       |       |     1 |       |       ||     1

Table legend: (Time is in decaauts)
 A = Elapsed time spent in this place.
 B = Non-inter-level travel time spent in this place.
 C = Inter-level travel time spent in this place.
 D = Time resting spent in this place.
 E = Time spent auto-exploring this place.
 F = Levels seen in this place.
 G = Mean time per level.
                   A        B        C        D        E       F      G
               +--------+--------+--------+--------+--------+-----+--------+
         Total |  80603 |  70456 |  10147 |  22357 |  31677 |  51 | 1580.5 |
       Dungeon |  22917 |  18160 |   4757 |   5404 |   8436 |  15 | 1527.8 |
        Temple |     43 |     22 |     21 |      0 |      0 |   1 |   43.0 |
          Lair |  10852 |  10194 |    658 |   4214 |   3984 |   5 | 2170.4 |
         Swamp |   4630 |   4466 |    164 |   1736 |   1655 |   4 | 1157.5 |
   Spider Nest |   9285 |   8709 |    576 |   4641 |   2108 |   4 | 2321.2 |
  Orcish Mines |   2984 |   2534 |    450 |   1331 |    743 |   2 | 1492.0 |
   Elven Halls |   7047 |   6769 |    278 |   2692 |   2724 |   3 | 2349.0 |
        Vaults |  11679 |   9723 |   1956 |    514 |   7142 |   5 | 2335.8 |
         Crypt |   1299 |   1235 |     64 |     40 |    919 |   1 | 1299.0 |
        Depths |   6818 |   5748 |   1070 |    825 |   3794 |   4 | 1704.5 |
           Zot |   2757 |   2609 |    148 |    886 |    153 |   5 |  551.4 |
       Ossuary |    248 |    248 |      0 |     64 |     19 |   1 |  248.0 |
      Ice Cave |     37 |     37 |      0 |      8 |      0 |   1 |   37.0 |
               +--------+--------+--------+--------+--------+-----+--------+

Top non-repeatable levels by time:
   Elf:3: 4013 daAuts
  Lair:2: 3996 daAuts
Vaults:1: 2909 daAuts
Vaults:2: 2767 daAuts
Spider:2: 2713 daAuts
     D:9: 2637 daAuts
Vaults:3: 2496 daAuts
Spider:4: 2468 daAuts
    D:13: 2378 daAuts
  Lair:5: 2307 daAuts
     D:8: 2274 daAuts
  Lair:3: 2166 daAuts
Spider:3: 2138 daAuts
Vaults:5: 2088 daAuts
    D:10: 2074 daAuts
